 Dungeon Crawl Stone Soup version 0.26.1 (webtiles) character file.

Game seed: 8930659378329197465

3903 swilekon the Thaumaturge (level 10, 0/50 HPs)
             Began as a Deep Elf Fire Elementalist on Feb 4, 2021.
             Was a Follower of Qazlal.
             Slain by Grum
             ... wielding a -1 spear
              (15 damage)
             ... on level 10 of the Dungeon.
             The game lasted 00:32:56 (11593 turns).

swilekon the Thaumaturge (DEFE)                    Turns: 11593, Time: 00:32:56

Health: 0/50       AC:  5    Str: 11    XL:     10   Next: 0%
Magic:  33/35      EV: 17    Int: 24    God:    Qazlal [*.....]
Gold:   484        SH:  2    Dex: 15    Spells: 18/30 levels left

rFire    . . .     SeeInvis .   i - +4 dagger
rCold    . . .     Faith    .   (no shield)
rNeg     . . .     Spirit   .   g - +0 robe
rPois    .         Reflect  .   z - +2 hat {Will+}
rElec    .         Harm     .   (no cloak)
rCorr    .         Rampage  .   h - +0 pair of gloves
Will     ++...                  (no boots)
Stlth    +++.......             d - amulet of magic regeneration
HPRegen  0.16/turn              C - +6 ring of strength
MPRegen  0.49/turn              x - ring of magical power

@: no status effects
A: no striking features
a: Renounce Religion


You were on level 10 of the Dungeon.
You worshipped Qazlal.
Qazlal was aware of your devotion.
You visited 2 branches of the dungeon, and saw 11 of its levels.
You also visited: Sewer.

You collected 627 gold pieces.
You spent 143 gold pieces at shops.

Inventory:

Hand Weapons
 i - a +4 dagger (weapon)
Armour
 g - a +0 robe (worn)
 h - a +0 pair of gloves (worn)
 z - a +2 hat of willpower (worn)
Jewellery
 c - an uncursed ring of poison resistance
 d - an amulet of magic regeneration (around neck)
 x - a ring of magical power (right hand)
 C - a +6 ring of strength (left hand)
Wands
 m - a wand of polymorph (14)
 n - a wand of paralysis (9)
 w - a wand of random effects (58)
 F - a wand of digging (5)
Scrolls
 f - 6 scrolls of teleportation
 l - 8 scrolls of remove curse
 o - a scroll of magic mapping
 p - 5 scrolls of fog
 v - a scroll of blinking
 B - a scroll of amnesia
 E - a scroll of fear
Potions
 a - a potion of attraction {unknown}
 e - a potion of resistance {unknown}
 k - 4 potions of heal wounds
 q - 8 potions of haste
 r - a potion of magic {unknown}
 s - a potion of brilliance
 t - 2 potions of might {unknown}
 u - 3 potions of curing
 A - a potion of ambrosia {unknown}


   Skills:
 + Level 7.2 Dodging
 - Level 5.0 Stealth
 * Level 10.8 Spellcasting
 + Level 6.1 Conjurations
 * Level 9.6 Fire Magic


You had 18 spell levels left.
You knew the following spells:

 Your Spells              Type           Power        Failure   Level
a - Foxfire               Conj/Fire      100%         1%          1
b - Inner Flame           Hex/Fire       36%          1%          3
c - Fireball              Conj/Fire      25%          5%          5
d - Conjure Flame         Conj/Fire      50%          1%          3

Your spell library contained the following spells:

 Spells                   Type           Power        Failure   Level
 Sticky Flame             Conj/Fire      50%          1%          4
 Cause Fear               Hex            6%           43%         4
 Silence                  Hex/Air        6%           80%         5
 Yara's Violent Unravell  Hex/Tmut       6%           80%         5
 Discord                  Hex            6%           100%        8


Dungeon Overview and Level Annotations

Branches:
Dungeon (10/15)            Temple (1/1) D:6           Sewer (visited)
   Lair: D:8-11         Orc: D:9-12

Altars:
Ashenzari
Cheibriados
Dithmenos
Elyvilon
Fedhas
Gozag
Hepliaklqana
Kikubaaqudgha
Makhleb
Nemelex Xobeh
Okawaru
Qazlal
Ru
Sif Muna
Trog
Uskayaw
Vehumet
Wu Jian
Xom
Yredelemnul
Zin
The Shining One

Shops:
D:6 *   D:8 =

Annotations:
D:5 2 runed translucent doors, Hehehe's ghost, novice GnWz
D:6 2 transporters, sizableburger's ghost, novice DsEE
D:10 Grum


Message History

The wolf is engulfed in blazing flames.
Flame seeps out of the wolf.
The wolf bites you.
You conjure some foxfire!
The wolf misses you. x2
The wolf is engulfed in blazing flames.
The wolf is struck by lightning.
Qazlal accepts your kill.
The wolf explodes!
The fiery explosion engulfs your foxfire.
Your foxfire completely resists.
The fiery explosion engulfs you!!
* * * LOW HITPOINT WARNING * * *
The fiery explosion engulfs the wolf!
You kill the wolf!
Qazlal accepts your kill.
The fiery explosion engulfs the wolf!!
You kill the wolf!
Qazlal accepts your kill.
The fiery explosion engulfs your foxfire.
Your foxfire completely resists.
Grum hits you from afar with a -1 spear!
You die...

......# #......
...)..# ..... ......#
... #'##### #g## #.#
#.h### #'#######
##h..# ........#
#######g###
........####.....§○..#
........#..'....@§§..#
≈≈≈≈≈P..'.##....vv§..+
≈≈.≈≈≈..####.........#
♣≈≈≈PP..# #.........#
P≈.P.#### #####+#####
P#.### ##.# #.#


You could see Grum.

Vanquished Creatures
  Eustachio (D:4)
  5 yaks
  A phantom (D:9)
  2 orc warriors
  An ice beast (D:5)
  A black bear (D:7)
  4 ogres
  2 necrophages
  3 wolves (D:10)
  A big kobold (D:8)
  3 bullfrogs
  A gnoll sergeant (D:9)
  2 scorpions
  A water moccasin skeleton (D:7)
  4 wights (D:9)
  2 electric eels (D:10)
  A howler monkey (D:5)
  7 hounds
  4 orc priests
  2 jellies (D:9)
  8 orc wizards
  A centaur skeleton (D:6)
  4 iguanas
  5 worker ants
  7 gnolls
  6 river rats (Sewer)
  15 adders
  A howler monkey skeleton (D:7)
  A shadow imp (D:5)
  4 white imps
  An ufetubus (D:7)
  An ooze (Sewer)
  2 adder skeletons (D:4)
  5 worms
  2 dart slugs
  11 leopard geckos
  26 orcs
  8 giant cockroaches
  5 goblins
  5 hobgoblins
  2 jackals (D:8)
  8 kobolds
  8 quokkas
  10 ball pythons
  6 bats
  9 frilled lizards
  2 jackal skeletons
  24 rats
  A butterfly (D:5)
236 creatures vanquished.

Vanquished Creatures (collateral kills)
  10 foxfires
10 creatures vanquished.

Vanquished Creatures (others)
  887 foxfires
  31 plants
918 creatures vanquished.

Grand Total: 1164 creatures vanquished

Notes
Turn   | Place    | Note
-------+----------+-------------------------------------------
     0 | D:1      | swilekon the Deep Elf Fire Elementalist began the quest for
                  | the Orb.
     0 | D:1      | Reached XP level 1. HP: 10/10 MP: 6/6
   476 | D:1      | Reached XP level 2. HP: 15/15 MP: 4/8
  1202 | D:2      | Reached XP level 3. HP: 19/19 MP: 6/10
  1761 | D:3      | Reached XP level 4. HP: 24/24 MP: 8/11
  1879 | D:3      | Reached skill level 4 in Spellcasting
  2143 | D:3      | Found a glowing drain.
  2211 | Sewer    | Entered a sewer
  2229 | Sewer    | Learned a level 3 spell: Inner Flame
  2559 | Sewer    | Reached XP level 5. HP: 28/28 MP: 6/13
  2993 | Sewer    | Reached skill level 5 in Spellcasting
  2993 | Sewer    | Reached skill level 5 in Fire Magic
  2993 | Sewer    | Reached XP level 6. HP: 30/32 MP: 9/16
  3758 | D:4      | Learned a level 5 spell: Fireball
  3909 | D:4      | Noticed Eustachio
  3959 | D:4      | Reached XP level 7. HP: 28/36 MP: 12/17
  4227 | D:4      | Reached skill level 6 in Spellcasting
  4435 | D:4      | Killed Eustachio
  5103 | D:5      | Entered Level 5 of the Dungeon
  5215 | D:5      | Reached skill level 5 in Stealth
  5215 | D:5      | Reached skill level 7 in Spellcasting
  5470 | D:5      | Reached XP level 8. HP: 24/41 MP: 13/20
  5622 | D:5      | Found a large runed translucent door.
  5623 | D:5      | Found a large runed translucent door.
  5628 | D:5      | Noticed Hehehe's ghost (novice GnWz)
  6330 | D:5      | Reached skill level 5 in Dodging
  6487 | D:5      | Found a burning altar of Makhleb.
  6553 | D:5      | Found a shimmering altar of Xom.
  6616 | D:5      | Reached skill level 8 in Spellcasting
  6887 | D:6      | Found a staircase to the Ecumenical Temple.
  6897 | Temple   | Entered the Ecumenical Temple
  6980 | Temple   | Became a worshipper of Qazlal Stormbringer
  7092 | D:6      | Learned a level 3 spell: Conjure Flame
  7201 | D:6      | Found Guecagov's General Store.
  7210 | D:6      | Bought a +0 hat of willpower for 143 gold pieces
  7339 | D:6      | Found a blossoming altar of Fedhas.
  7394 | D:6      | Found a transporter.
  7398 | D:6      | Identified the +6 dire flail of Untimely Demise {venom,
                  | rPois rC+ rN+ Str+3}
  7398 | D:6      | Noticed a two-headed ogre
  7399 | D:6      | Noticed sizableburger's ghost (novice DsEE)
  7410 | D:6      | Found a transporter.
  8203 | D:7      | Reached skill level 9 in Spellcasting
  8414 | D:7      | Reached XP level 9. HP: 45/45 MP: 24/24
  8452 | D:7      | Reached skill level 5 in Conjurations
  8645 | D:7      | Reached * piety under Qazlal
  9266 | D:8      | Found Wuivvugu's Jewellery Boutique.
 10470 | D:9      | Found a sparkling altar of Nemelex Xobeh.
 10511 | D:9      | Reached skill level 10 in Spellcasting
 11505 | D:10     | Entered Level 10 of the Dungeon
 11546 | D:10     | Reached XP level 10. HP: 50/50 MP: 26/26
 11585 | D:10     | Noticed Grum
 11593 | D:10     | Slain by Grum

Illustrated notes

Levels and vault maps discovered:
D:1:      scummos_arrival_simple_crosswalls, layout_basic
D:2:      layout_rooms
D:3:      layout_basic, gup_sewer_entry_pipe
D:4:      wad_woods_tower, layout_gridville, uniq_eustachio
D:5:      layout_basic, xom_butterflies, ebering_ghost_disaster_area,
          minmay_crystal_room, makhleb_blood_cavern_becter
D:6:      layout_rooms, minmay_temple_entry_large_hall, gammafunk_ghost_smash,
          serial_rivers, chequers_serial_rivers_micro_c,
          chequers_serial_rivers_large_a, chequers_serial_rivers_small_3,
          chequers_serial_rivers_small_3, chequers_serial_rivers_micro_b,
          serial_shops, shop, nrook_mini_vaults, fedhas_altar_2
D:7:      layout_loops_corners
D:8:      layout_basic, serial_shops, nicolae_shop_waterfront
D:9:      layout_loops_cross, basic_altar, minivault_25
D:10:     layout_roguey, lair_entry_dummy, serial_bayou, serial_bayou_shore_a,
          serial_bayou_crossing, serial_bayou_lagoon_a, serial_bayou_pond_e,
          uniq_grum
Temple:   grunt_wide_crystal_templ

Skill      XL: |  1  2  3  4  5  6  7  8  9 |
---------------+----------------------------+-----
Fire Magic     | 4 5 6 8 9 |  9.6
Stealth        | 3 4 5 |  5.0
Dodging        | 3 4 5 7 |  7.2
Spellcasting   | 4 5 7 9 10 | 10.8
Conjurations   | 2 3 4 6 |  6.1

Action                   |  1- 3 |  4- 6 |  7- 9 | 10-12 || total
-------------------------+-------+-------+-------+-------++-------
Melee: Dagger            |     3 |    12 |    22 |       ||    37
 Cast: Foxfire           |    58 |   128 |   390 |     3 ||   579
       Inner Flame       |       |     6 |    18 |     1 ||    25
       Fireball          |       |       |     7 |       ||     7
       Conjure Flame     |       |       |     2 |       ||     2
  Use: Scroll            |       |    12 |    11 |     2 ||    25
       Potion            |       |       |     1 |       ||     1
 Stab: Sleeping          |     1 |     4 |     2 |       ||     7
Armor: Robe              |     2 |     9 |    12 |       ||    23
Dodge: Dodged            |    10 |    33 |    60 |     4 ||   107
Block: Other             |       |       |     1 |     1 ||     2
